 Dungeon Crawl Stone Soup version 0.30-a0-1116-gebefce21f7 (webtiles) character file.

Game seed: 16556618608808289139

25697 cheesebisquit the Thaumaturge (level 13, -8/96 HPs)
             Began as a Djinni Fire Elementalist on Apr 21, 2023.
             Was the Champion of Makhleb.
             Mangled by a two-headed ogre
             ... wielding a +0 giant spiked club
              (16 damage)
             ... on level 12 of the Dungeon.
             The game lasted 01:07:29 (15788 turns).

cheesebisquit the Thaumaturge (DjFE)               Turns: 15788, Time: 01:07:29

Health: -8/96      AC: 14    Str:  7    XL:     13   Next: 52%
Gold:   1958       EV: 10    Int: 36    God:    Makhleb [******] SH: 12 Dex: 17

rFire   + + +      SeeInvis .    j - +1 dagger of the Depths {distort, rPois rF+ Int+3}
rCold   + . .      Faith    .    l - +1 buckler {rC+}
rNeg    + . .      Spirit   .    s - +3 ring mail of the Devouring Gods {Int+5 Dex+3}
rPois   ∞          Reflect  +    w - +0 helmet
rElec   .          Rampage  .    m - +0 cloak
rCorr   +                        J - +0 pair of gloves
Will    +....                    (boots unavailable)
Stlth   +                        u - amulet of reflection
HPRegen 0.36/turn                b - ring of protection from cold
MPRegen 0.00/turn                x - ring "Xyrromum" {Contam rN+ rCorr Int+6 Slay-6}

@: flying
A: sickness immunity, fire resistance 2, cold vulnerability 1, float, innate
caster, HP casting, extra vitality 1
a: Renounce Religion, Minor Destruction, Lesser Servant of Makhleb, Major
Destruction, Greater Servant of Makhleb


You were on level 12 of the Dungeon.
You worshipped Makhleb.
Makhleb was exalted by your worship.
You visited 2 branches of the dungeon, and saw 14 of its levels.
You also visited: Ossuary, Bailey and Ice Cave.

You collected 2133 gold pieces.
You spent 175 gold pieces at shops.

Inventory:

Hand Weapons
 h - the +6 quarterstaff of Oenomania {speed, rF+}
   (You found it in an ice cave)

   rF:        It protects you from fire.
 j - the +1 dagger of the Depths (weapon) {distort, rPois rF+ Int+3}
   (You took it off a kobold on level 4 of the Dungeon)

   Int:       It affects your intelligence (+3).
   rF:        It protects you from fire.
   rPois:     It protects you from poison.
 q - a +3 whip of electrocution
 N - a +6 spear of venom
 P - a +3 antimagic broad axe
 Y - a +4 glaive of freezing
Missiles
 d - 60 poisoned darts
 g - 4 throwing nets
 k - 28 boomerangs
 H - 6 silver javelins
 L - 2 curare-tipped darts
Armour
 l - a +1 buckler of cold resistance (worn)
 m - a +0 cloak (worn)
 s - the +3 ring mail of the Devouring Gods (worn) {Int+5 Dex+3}
   (You found it on level 3 of the Dungeon)

   Int:       It affects your intelligence (+5).
   Dex:       It affects your dexterity (+3).
 t - +0 acid dragon scales
 v - the +0 buckler of Fikhiodd {Harm}
   (You found it on level 5 of the Dungeon)

   Harm:      It increases damage dealt and taken.
 w - a +0 helmet (worn)
 J - a +0 pair of gloves (worn)
 K - a +2 robe of cold resistance
 S - a +0 troll leather armour
 W - a +2 chain mail of cold resistance
 Z - a +0 leather armour of resistance
Magical Staves
 U - a staff of fire
Jewellery
 b - a ring of protection from cold (left hand)
 i - a +4 ring of protection
 u - an amulet of reflection (around neck)
 x - the ring "Xyrromum" (right hand) {Contam rN+ rCorr Int+6 Slay-6}
   (You found it on level 6 of the Dungeon)

   [ring of positive energy]

   Int:       It affects your intelligence (+6).
   Slay:      It affects your accuracy & damage with ranged weapons and melee
   (-6).
   rN:        It protects you from negative energy.
   Contam:    It causes magical contamination when unequipped.
   rCorr:     It protects you from acid and corrosion.
 z - a ring of willpower
 O - a ring of ice
Wands
 f - a wand of flame (19)
 G - a wand of acid (16)
 I - a wand of charming (21)
 T - a wand of digging (7)
Scrolls
 a - 2 scrolls of fog
 e - a scroll of magic mapping
 n - a scroll of fear
 p - a scroll of vulnerability
 y - a scroll of brand weapon
 D - a scroll of butterflies
 F - a scroll of enchant armour
 M - 2 scrolls of enchant weapon
 Q - 3 scrolls of teleportation
 X - a scroll of poison
Potions
 c - a potion of mutation
 o - 2 potions of resistance
 r - 3 potions of ambrosia
 A - 2 potions of lignification
 B - a potion of attraction
 C - 5 potions of flight
 E - 2 potions of haste
 R - 2 potions of curing
 V - a potion of invisibility {unknown}


   Skills:
 + Level 9.8 Fighting
 + Level 9.5 Armour
 - Level 2.1 Dodging
 - Level 1.5 Stealth
 + Level 8.7 Shields
 * Level 11.1 Spellcasting
 + Level 6.0 Invocations


You knew the following spells:

 Your Spells              Type           Power      Damage    Failure   Level
a - Foxfire               Conj/Fire      100%       2x1d9     1%          1
b - Blink                 Tloc           100%       N/A       1%          2
c - Volatile Blastmotes   Fire/Tloc      100%       2d18      1%          3
d - Inner Flame           Hex/Fire       79%        N/A       1%          3
e - Flame Wave            Conj/Fire      79%        2d17      1%          4
f - Slow                  Hex            100%       N/A       1%          1
g - Hailstorm             Conj/Ice       79%        3d16      1%          3
h - Leda's Liquefaction   Hex/Erth       39%        N/A       1%          4
i - Agony                 Necr           79%        N/A       1%          5
j - Arcjolt               Conj/Air       39%        1d49      1%          5
z - Scorch                Fire           100%       2d9       1%          2
Your spell library was empty.

Dungeon Overview and Level Annotations

Branches:
Dungeon (13/15)            Temple (1/1) D:4            Lair (0/5) D:10
    Orc (0/2) D:11        Ossuary (visited)          Bailey (visited)
  IceCv (visited)
 Vaults: D:13-14

Altars:
Ashenzari
Cheibriados
Dithmenos
Elyvilon
Fedhas
Gozag
Hepliaklqana
Makhleb
Nemelex Xobeh
Okawaru
Qazlal
Ru
Trog
Uskayaw
Wu Jian
Xom
Yredelemnul
Zin
The Shining One

Shops:
D:4 ?   D:8 *

Portals:
Trove: D:11 (give +2 fire dragon scales)

Annotations:
D:11 1 runed translucent door, cforsyth's ghost, novice DgWn


Innate Abilities, Weirdness & Mutations

You are immune to sickness and miasma.
You are immune to poison.
Your flesh is very heat resistant. (rF++)
You are vulnerable to cold. (rC-)
You float through the air rather than walking.
You learn spells naturally, not from books.
Your magical power is your life essence.
You have superior vitality. (+4 MHP)


Message History

The two-headed ogre hits you with a +0 giant spiked club.
The foxfire hits the efreet but does no damage.
Casting: Foxfire (safe; 1% risk of failure)
Confirm with . or Enter, or press ? or * to list all spells.
Flames lash the efreet but do no damage.
The foxfire hits the two-headed ogre.
The two-headed ogre is burned terribly!
The two-headed ogre is moderately wounded.
The centaur warrior unwields a +0 falchion.
The centaur warrior wields a +0 longbow.
The centaur warrior shoots an arrow.
The arrow hits you!!
Casting: Scorch (safe; 1% risk of failure)
Confirm with . or Enter, or press ? or * to list all spells.
You don't know that spell.
The centaur warrior shoots an arrow.
The arrow hits you!
The two-headed ogre hits you with a +0 giant spiked club.
The two-headed ogre hits you with a +0 giant spiked club!!
* * * LOW HITPOINT WARNING * * *
The centaur warrior shoots an arrow.
You block the arrow with an invisible shield... and reflect it back!
The arrow hits the centaur warrior!!
You block the efreet's attack.
You fly upwards.
There is a stone staircase leading down here.
You block the efreet's attack.
The two-headed ogre is no longer more vulnerable to fire.
The efreet gestures at you.
The fireball explodes!
The fireball engulfs you. You resist.
* * * LOW HITPOINT WARNING * * *
The fireball engulfs the efreet.
The efreet completely resists.
The efreet attacks as you move away!
The efreet hits you with a +3 scimitar of flaming!
* * * LOW HITPOINT WARNING * * *
The efreet burns you.
* * * LOW HITPOINT WARNING * * *
The efreet gestures at you. The bolt of fire hits you. You resist.
* * * LOW HITPOINT WARNING * * *
There is an open door here.
The two-headed ogre attacks as you move away!
The two-headed ogre hits you with a +0 giant spiked club!
You die...

#.# #.# ##.# #. #.# #.# #.# #.
#.# #.# #.# ##### #.# #.#
######'######.... #.######.##
#.......##..'....
#.........####
#>......##.##....
##......).'..#
#.R.....#..##....
#........##.###O......#.###....
#....)|..##...@.......#.# #....
#.........#####.......#.# #....
#..>#####.# #..[....#.# #....
#.........# #.......'.# #.>..
########### #...#.#.### ####'
#.......# ##+.....# #.
#.#####.# #..#.#.# #. ##...#..#
##......# ##
###'#.######..#..###########


You could see a two-headed ogre and an efreet.

Vanquished Creatures
  Harold (D:10)
  Fannar (D:10)
  Erica (D:9)
  2 orc knights
  A necromancer (IceCv)
  A cyclops (D:12)
  3 ugly things
  An ice statue (IceCv)
  2 unseen horrors
  A gargoyle (D:12)
  3 freezing wraiths (IceCv)
  A komodo dragon (D:11)
  5 kobold demonologists
  12 ice devils (IceCv)
  3 anaconda simulacra (IceCv)
  2 trolls
  Grinder (D:6)
  3 slime creatures (D:12)
  2 wyverns (D:10)
  A dire elephant simulacrum (IceCv)
  2 steam dragons
  A wraith (D:12)
  A shadow (D:9)
  16 yaks
  7 death yak simulacra (IceCv)
  6 vampire mosquitoes
  A harpy simulacrum (IceCv)
  A warg (D:11)
  2 hydra simulacra (IceCv)
  An acid dragon (D:12)
  18 orc warriors
  2 ice beasts
  A black bear (D:5)
  2 sky beasts
  3 ogres
  7 wolves (D:10)
  2 centaurs (D:9)
  A bullfrog (D:8)
  An elf zombie (Ossuary)
  3 kobold brigands
  2 scorpions
  A two-headed ogre simulacrum (IceCv)
  4 gnoll sergeants
  3 cane toad simulacra (IceCv)
  6 wights (D:7)
  10 killer bees
  4 elephant simulacra (IceCv)
  5 howler monkeys
  12 electric eels
  3 centaur zombies (Ossuary)
  11 orc priests
  6 hounds
  2 jellies (D:5)
  A gnoll bouda (D:4)
  A sleepcap (D:5)
  2 iguanas
  4 polar bear simulacra (IceCv)
  15 orc wizards
  A troll simulacrum (IceCv)
  A spriggan simulacrum (IceCv)
  2 wolf simulacra (IceCv)
  2 mummies (Ossuary)
  26 gnolls
  7 adders
  A naga simulacrum (IceCv)
  13 white imps
  3 ufetubi
  An adder zombie (Ossuary)
  2 worms (D:4)
  2 dart slugs
  57 orcs
  4 bats
  2 endoplasms (D:2)
  2 giant cockroaches (D:2)
  6 goblins
  9 hobgoblins
  3 jackals (D:2)
  29 kobolds
  4 quokkas
  8 ball pythons
  3 frilled lizards
  A goblin zombie (Ossuary)
  13 hobgoblin zombies
  A jackal zombie (Ossuary)
  9 kobold zombies (Ossuary)
  6 orc zombies (Ossuary)
  3 rats
  A rat zombie (Ossuary)
439 creatures vanquished.

Vanquished Creatures (collateral kills)
  2 foxfires (D:11)
2 creatures vanquished.

Vanquished Creatures (others)
  842 foxfires
842 creatures vanquished.

Grand Total: 1283 creatures vanquished

Notes
Turn   | Place    | Note
-------+----------+-------------------------------------------
     0 | D:1      | cheesebisquit the Djinni Fire Elementalist began the quest
                  | for the Orb.
     0 | D:1      | cheesebisquit set off with the following spells memorised:
                  | Foxfire, Scorch, Volatile Blastmotes, Inner Flame, Flame
                  | Wave.
     0 | D:1      | Reached XP level 1. HP: 15/15 MP: 0/0
   182 | D:1      | Reached XP level 2. HP: 20/22 MP: 0/0
   210 | D:1      | Reached skill level 1 in Fighting
   831 | D:2      | Reached XP level 3. HP: 26/27 MP: 0/0
   831 | D:2      | Learned a level 1 spell: Slow
   907 | D:2      | Reached skill level 3 in Spellcasting
  1087 | D:2      | Found a stormy altar of Qazlal.
  1257 | D:2      | Upgraded the game from 0.30-a0-1114-gd936c97349 to
                  | 0.30-a0-1116-gebefce21f7
  1555 | D:2      | Reached XP level 4. HP: 32/33 MP: 0/0
  2250 | D:3      | Identified the +3 ring mail of the Devouring Gods {Int+5
                  | Dex+3}
  2379 | D:4      | Noticed an ogre
  2388 | D:4      | Killed an ogre
  2389 | D:4      | Reached skill level 1 in Armour
  2389 | D:4      | Reached XP level 5. HP: 36/39 MP: 0/0
  2389 | D:4      | Learned a level 2 spell: Blink
  2397 | D:4      | Reached skill level 4 in Spellcasting
  2397 | D:4      | Reached XP level 6. HP: 33/45 MP: 0/0
  2854 | D:4      | Found Piziodur's Magic Scroll Shoppe.
  2864 | D:4      | Identified the +1 dagger of the Depths {distort, rPois rF+
                  | Int+3}
  2905 | D:4      | Bought a scroll of poison for 52 gold pieces
  2905 | D:4      | Bought a scroll of identify for 26 gold pieces
  2905 | D:4      | Bought a scroll of enchant weapon for 97 gold pieces
  2923 | D:4      | Reached XP level 7. HP: 42/50 MP: 0/0
  2923 | D:4      | Learned a level 3 spell: Hailstorm
  2960 | D:4      | Found a staircase to the Ecumenical Temple.
  2973 | Temple   | Entered the Ecumenical Temple
  3123 | Temple   | Became a worshipper of Makhleb the Destroyer
  3372 | D:5      | Entered Level 5 of the Dungeon
  3492 | D:5      | Reached skill level 5 in Spellcasting
  3632 | D:5      | Reached XP level 8. HP: 23/58 MP: 0/0
  3800 | D:5      | Identified the +0 buckler of Fikhiodd {Harm}
  4112 | D:6      | Reached * piety under Makhleb
  4113 | D:6      | Reached skill level 1 in Shields
  4187 | D:6      | Identified the ring "Xyrromum" {Contam rN+ rCorr Int+6
                  | Slay-6}
  4325 | D:6      | Reached skill level 6 in Spellcasting
  4719 | D:6      | Reached XP level 9. HP: 62/64 MP: 0/0
  4719 | D:6      | Learned a level 4 spell: Leda's Liquefaction
  4913 | D:6      | Noticed Grinder
  4918 | D:6      | Killed Grinder
  4919 | D:6      | Reached skill level 5 in Fighting
  5487 | D:7      | Found a sand-covered staircase.
  5497 | Ossuary  | Entered an ossuary
  5619 | Ossuary  | Reached ** piety under Makhleb
  5638 | Ossuary  | Reached skill level 5 in Armour
  5940 | D:7      | Found a flagged portal.
  5949 | Bailey   | Entered a bailey
  6028 | Bailey   | Noticed an orc knight
  6047 | Bailey   | Killed an orc knight
  6048 | Bailey   | Reached skill level 7 in Spellcasting
  6097 | Bailey   | Reached *** piety under Makhleb
  6122 | Bailey   | Reached XP level 10. HP: 33/72 MP: 0/0
  6954 | D:7      | Reached skill level 5 in Shields
  7106 | D:6      | Noticed a rust devil
  7106 | D:6      | Noticed a rust devil
  7574 | D:8      | Reached skill level 8 in Spellcasting
  7682 | D:8      | Reached **** piety under Makhleb
  7683 | D:8      | Reached XP level 11. HP: 66/79 MP: 0/0
  7683 | D:8      | Learned a level 5 spell: Agony
  8081 | D:8      | Found Mueveich's CLEARANCE SALE!.
  8547 | D:9      | Found a glowing silver altar of Zin.
  8547 | D:9      | Found a broken altar of Ashenzari.
  8548 | D:9      | Found a hide-covered altar of Uskayaw.
  8618 | D:9      | Noticed Erica
  8622 | D:9      | Killed Erica
  8623 | D:9      | Reached skill level 1 in Invocations
  8634 | D:9      | Reached skill level 9 in Spellcasting
  8817 | D:9      | Found an iron altar of Okawaru.
  9421 | D:10     | Entered Level 10 of the Dungeon
  9615 | D:10     | Noticed Fannar
  9624 | D:10     | Killed Fannar
  9631 | D:10     | Noticed Harold
  9636 | D:10     | Killed Harold
  9655 | D:10     | Reached XP level 12. HP: 65/87 MP: 0/0
  9690 | D:10     | Reached ***** piety under Makhleb
 10185 | D:10     | Found a staircase to the Lair.
 10739 | D:11     | Found a shimmering altar of Xom.
 10739 | D:11     | Noticed cforsyth's ghost (novice DgWn)
 10740 | D:11     | Found a runed translucent door.
 10740 | D:11     | Noticed a +4 mace of chaos
 11248 | D:11     | Found a portal to a secret trove of treasure.
 12071 | D:11     | Found a staircase to the Orcish Mines.
 12151 | D:12     | Found a frozen archway.
 12171 | IceCv    | Entered an ice cave
 12176 | IceCv    | Reached skill level 10 in Spellcasting
 12717 | IceCv    | Reached XP level 13. HP: 47/94 MP: 0/0
 12717 | IceCv    | Learned a level 5 spell: Arcjolt
 12914 | IceCv    | Reached skill level 5 in Invocations
 12918 | IceCv    | Reached ****** piety under Makhleb
 13556 | IceCv    | HP: 1/94 [ice statue] (12)]
 13933 | IceCv    | Identified the +6 quarterstaff of Oenomania {speed, rF+}
 14903 | D:12     | Reached skill level 11 in Spellcasting
 15781 | D:13     | Noticed a centaur warrior
 15788 | D:12     | Mangled by a two-headed ogre

Illustrated notes

Levels and vault maps discovered:
D:1:      saegor_arrival_fortress, layout_loops_ring
D:2:      layout_loops_ring, basic_altar, nrook_mini_backslash
D:3:      layout_loops_ring
D:4:      layout_rooms, minmay_temple_entry_slanted, serial_shops, shop
D:5:      layout_gridville, kennysheep_generic_room_15
D:6:      cheibrodos_iron_armory, layout_basic, uniq_grinder
D:7:      layout_cave_pools, enter_ossuary_3, enter_bailey_8
D:8:      layout_gridville, nicolae_shop_clearance
D:9:      layout_basic, chequers_temple_overflow_statue_of_worship,
          mainiacjoe_overflow_small_starburst, uniq_erica
D:10:     layout_basic, erik_lair_island, uniq_fannar, uniq_harold
D:11:     nicolae_moon_pools, layout_basic, hiddenorc2_lemuel, enter_trove_6,
          ebering_ghost_xom, dreamdust_princess_bridge
D:12:     layout_roguey, portal_ice_cave_entry_imps, serial_co_window_serial,
          co_window_corner_a, co_window_paths_a, co_window_of_opportunity_a,
          co_window_paths_a, co_window_paths_b, co_window_corner_b,
          co_window_broadway_a, co_window_of_opportunity_c,
          co_window_broadway_b, glass_columns_c, glass_columns_a,
          glass_columns_a
D:13:     minmay_the_grid_triangle_9x9_recursive_2_mashed
          [minmay_the_grid_triangle_9x9_prize_center,
          minmay_the_grid_triangle_9x9_empty,
          minmay_the_grid_triangle_9x9_wacky_v,
          minmay_the_grid_triangle_9x9_semitri], layout_cave_pools,
          david_vaults_5, serial_shops, statue_bzr, uniq_kirke, uniq_snorg,
          uniq_lodul
Temple:   nicolae_temple_bog_church

Skill      XL: |  1  2  3  4  5  6  7  8  9 10 11 12 13 |
---------------+----------------------------------------+-----
Fighting       | 1 2 3 4 6 7 8 9 |  9.8
Spellcasting   | 3 4 5 6 7 8 9 10 11 | 11.1
Armour         | 1 2 3 4 5 7 8 9 |  9.5
Shields        | 2 4 5 6 8 |  8.7
Invocations    | 3 4 6 |  6.0
Dodging        | |  2.1
Stealth        | |  1.5

Action                     |  1- 3 |  4- 6 |  7- 9 | 10-12 | 13-15 || total
---------------------------+-------+-------+-------+-------+-------++-------
  Melee: Unarmed           |    10 |       |       |       |       ||    10
         Spear             |    15 |       |       |       |       ||    15
         Dagger            |       |     5 |     3 |    10 |     6 ||    24
         Whip              |       |     3 |       |       |       ||     3
   Cast: Foxfire           |    47 |    56 |    95 |   234 |    64 ||   496
         Scorch            |       |    16 |    46 |    86 |    77 ||   225
         Inner Flame       |       |       |    53 |   167 |    39 ||   259
         Slow              |       |       |     5 |     3 |       ||     8
         Leda's Liquefacti |       |       |       |     2 |       ||     2
         Hailstorm         |       |       |       |     3 |       ||     3
         Flame Wave        |       |       |       |       |     4 ||     4
 Invoke: Lesser Servant of |       |       |       |     1 |       ||     1
    Use: Scroll            |       |    11 |     3 |     9 |     6 ||    29
         Potion            |       |       |     1 |     5 |     5 ||    11
 Armour: Robe              |     5 |     3 |       |       |       ||     8
         Ring mail         |       |     3 |     8 |    41 |    44 ||    96
  Dodge: Dodged            |    28 |    13 |    10 |    47 |    35 ||   133
  Block: Buckler           |       |       |     8 |    54 |    55 ||   117
         Reflection        |       |       |     3 |     4 |     4 ||    11

Table legend: (Time is in decaauts)
 A = Elapsed time spent in this place.
 B = Non-inter-level travel time spent in this place.
 C = Inter-level travel time spent in this place.
 D = Time resting spent in this place.
 E = Time spent auto-exploring this place.
 F = Levels seen in this place.
 G = Mean time per level.
                   A        B        C        D        E       F      G
               +--------+--------+--------+--------+--------+-----+--------+
         Total |  15795 |  15019 |    776 |   1022 |  11371 |  17 |  929.1 |
       Dungeon |  12644 |  11882 |    762 |    764 |   9277 |  13 |  972.6 |
        Temple |    156 |    142 |     14 |      0 |    127 |   1 |  156.0 |
       Ossuary |    427 |    427 |      0 |      0 |    335 |   1 |  427.0 |
        Bailey |    706 |    706 |      0 |     66 |    448 |   1 |  706.0 |
      Ice Cave |   1860 |   1860 |      0 |    192 |   1184 |   1 | 1860.0 |
               +--------+--------+--------+--------+--------+-----+--------+

Top non-repeatable levels by time:
    D:11: 2045 daAuts
   IceCv: 1860 daAuts
    D:12: 1467 daAuts
     D:6: 1418 daAuts
     D:9: 1045 daAuts
     D:8: 948 daAuts
     D:7: 877 daAuts
     D:1: 863 daAuts
     D:4: 831 daAuts
    D:10: 808 daAuts
     D:2: 804 daAuts
     D:5: 743 daAuts
     D:3: 710 daAuts
  Bailey: 706 daAuts
 Ossuary: 427 daAuts
